 Dungeon Crawl Stone Soup version 0.23.2-1-ga50397a (webtiles) character file.

Game seed: 2072396488471211037

116 Fang the Skirmisher (level 5, -5/49 HPs)
             Began as a Gargoyle Berserker on May 8, 2019.
             Was a Believer of Trog.
             Killed by divine providence
             ... invoked by an orc priest
              (13 damage)
             ... on level 3 of the Dungeon.
             The game lasted 00:02:28 (1527 turns).

Fang the Skirmisher (Gargoyle Berserker)            Turns: 1527, Time: 00:02:29

Health: -5/49      AC:  6    Str: 26    XL:     5   Next: 0%
Magic:  5/5        EV: 12    Int:  8    God:    Trog [**....]
Gold:   88         SH:  0    Dex:  9    Spells: 4/4 levels left

rFire    . . .     SeeInvis .   a - +0 hand axe
rCold    . . .     Gourm    .   (no shield)
rNeg     + . .     Faith    .   b - +0 animal skin
rPois    ∞         Spirit   .   (no helmet)
rElec    +         Reflect  .   (no cloak)
rCorr    .         Harm     .   (no gloves)
MR       .....                  (no boots)
Stlth    ..........             (no amulet)
HPRegen  0.16/turn              (no ring)
MPRegen  0.09/turn              (no ring)

@: berserking, very quick
A: negative energy resistance 1, electricity resistance, unbreathing,
petrification resistance, rot immunity, AC +4
a: Berserk, Trog's Hand, Renounce Religion


You were on level 3 of the Dungeon.
You worshipped Trog.
Trog was pleased with you.
You were hungry.

You visited 1 branch of the dungeon, and saw 3 of its levels.

You collected 88 gold pieces.

Inventory:

Hand Weapons
 a - a +0 hand axe (weapon)
Armour
 b - a +0 animal skin (worn)
Scrolls
 e - 2 scrolls of remove curse {unknown}
 j - a scroll of fear {unknown}
 k - a scroll of identify {unknown}
 l - a scroll of random uselessness {unknown}
 m - a scroll of fog {unknown}
 n - 2 scrolls of amnesia {unknown}
Potions
 d - 3 potions of curing {unknown}
 f - a potion of invisibility {unknown}
 h - a potion of magic {unknown}
 i - a potion of heal wounds {unknown}
Comestibles
 c - 4 rations
 g - 5 chunks of flesh


   Skills:
 + Level 4.1 Fighting
 + Level 3.4 Axes
 + Level 3.3 Armour
 + Level 2.4 Dodging


You had 4 spell levels left.
You didn't know any spells.
Your spell library was empty.

Dungeon Overview and Level Annotations

Branches:
Dungeon (3/15)

Altars:
Hepliaklqana
Ru
Zin


Innate Abilities, Weirdness & Mutations

You are resistant to torment.
Your stone body is resilient. (AC +4)
You are immune to poison.
You resist negative energy. (rN+)
You are resistant to electric shocks. (rElec)
You can survive without breathing.
You are immune to petrification.
You are immune to rotting.


Message History

You kill the jackal!
Trog accepts your kill.
You slash the orc priest! You hit the kobold.
You kill the kobold!
Trog accepts your kill.
The orc priest hits you but does no damage.
The adder barely misses you.
The orc priest mumbles some strange prayers to Beogh against you.
Pain shoots through your body!
* * * LOW HITPOINT WARNING * * *
You closely miss the orc priest.
The orc priest is almost dead.
You hit the orc priest. You slash the adder!
You kill the adder!
Trog accepts your kill.
You have reached level 5!
The orc barely misses you.
The orc priest calls down the wrath of Beogh upon you.
Beogh smites you!
You die...

...# .. ...#### ..
####.. .......
....#...o. .......
....#..... ..._...
...........##o..8...
...........#.†.._...
...........o@o.....#
.....#....)#)......
....$..#...>.........
... #....(..........
#..###.....#.......#
#.........##(......
####..#..##........
###...............#
######...#....###......


You could see 2 orc priests and an orc.

Vanquished Creatures
  5 adders
  An ooze (D:2)
  2 worms (D:2)
  A dart slug (D:1)
  A leopard gecko (D:2)
  An orc (D:3)
  2 bats
  2 giant cockroaches (D:2)
  A goblin (D:2)
  9 hobgoblins
  13 jackals
  2 kobolds
  11 frilled lizards
  4 rats
55 creatures vanquished.

Notes
Turn   | Place    | Note
-------+----------+-------------------------------------------
     0 | D:1      | Fang the Gargoyle Berserker began the quest for the Orb.
     0 | D:1      | Reached XP level 1. HP: 14/14 MP: 1/1
   130 | D:1      | Reached XP level 2. HP: 13/19 MP: 2/2
   629 | D:2      | Reached XP level 3. HP: 21/23 MP: 3/3
   868 | D:2      | Reached ** piety under Trog
  1044 | D:2      | Reached XP level 4. HP: 17/29 MP: 4/4
  1364 | D:2      | Reached skill level 4 in Fighting
  1475 | D:3      | Found a hazy altar of Hepliaklqana.
  1514 | D:3      | Found a glowing silver altar of Zin.
  1514 | D:3      | Found a sacrificial altar of Ru.
  1527 | D:3      | Reached XP level 5. HP: 7/33 MP: 5/5
  1527 | D:3      | Killed from afar by an orc priest

Skill      XL: |  1  2  3  4 |
---------------+-------------+-----
Axes           | 3 |  3.4
Dodging        | 2 |  2.4
Armour         | 3 |  3.3
Fighting       | 4 |  4.1

Action                   |  1- 3 |  4- 6 || total
-------------------------+-------+-------++-------
Melee: Hand axe          |   113 |    46 ||   159
Invok: Berserk           |       |     2 ||     2
  Eat: Chunk             |     1 |     2 ||     3
Armor: Animal skin       |    42 |    29 ||    71
Dodge: Dodged            |    91 |    68 ||   159
